 Dungeon Crawl Stone Soup version 0.17.1-2-g5865329 (webtiles) character file.

44 Lisek the Skirmisher (level 3, -2/33 HPs)
             Began as a Hill Orc Fighter on Jan 30, 2016.
             Slain by a giant frog (4 damage)
             ... on level 4 of the Dungeon.
             The game lasted 00:04:51 (1222 turns).

Lisek the Skirmisher (Hill Orc Fighter)             Turns: 1222, Time: 00:04:52

Health: -2/33      AC:  6    Str: 19    XL:     3   Next: 60%
Magic:  3/3        EV:  7    Int:  8    God:
Gold:   153        SH:  9    Dex: 10    Spells: 0 memorised, 2 levels left

rFire  . . .     SeeInvis .     a - +0 flail
rCold  . . .     Clarity  .     b - +0 scale mail
rNeg   . . .     SustAt   .     c - +0 shield
rPois  .         Gourm    .     (no helmet)
rElec  .         Spirit   .     (no cloak)
rCorr  .         Warding  .     (no gloves)
rMut   .         Stasis   .     (no boots)
MR     .....                    (no amulet)
Stlth  ..........               (no ring)
                                (no ring)

@: lethally poisoned (-2 -> -5), not resistant to hostile enchantments,
extremely unstealthy
A: no striking features
a: no special abilities


You were on level 4 of the Dungeon.
You were not hungry.

You visited 1 branch of the dungeon, and saw 4 of its levels.

You collected 153 gold pieces.

Inventory:

Hand Weapons
 a - a +0 flail (weapon)
Missiles
 m - 7 javelins (quivered)
Armour
 b - a +0 scale mail (worn)
 c - a +0 shield (worn)
 g - a +0 ring mail
Jewellery
 h - a cursed -2 ring of intelligence {unknown}
 l - an uncursed ring of invisibility {unknown}
Wands
 o - a wand of confusion (17)
Scrolls
 f - 2 scrolls of magic mapping {unknown}
 j - a scroll of enchant weapon {unknown}
 k - a scroll of enchant armour {unknown}
 n - a scroll of identify {unknown}
 s - a scroll of remove curse {unknown}
 u - a scroll of blinking {unknown}
Potions
 d - a potion of might
 q - a potion of invisibility {unknown}
 r - a potion of curing {unknown}
 t - a potion of heal wounds {unknown}
Comestibles
 e - 2 bread rations
 i - a royal jelly
 v - a meat ration
 w - a beef jerky


   Skills:
 + Level 4.1 Fighting
 + Level 2.5 Maces & Flails
 + Level 3.4 Armour
 + Level 0.4 Dodging
 + Level 4.1 Shields


You had 2 spell levels left.
You didn't know any spells.

Dungeon Overview and Level Annotations

Branches:
Dungeon (4/15)
 Temple: D:4-7

Altars:
Elyvilon
Ru


Message History

The adder bites you.
You are poisoned.
The adder poisons you! The giant frog hits you! You block the adder's attack.
You closely miss the adder.
You feel sick.
The giant frog hits you but does no damage.
The adder bites you but does no damage.
The giant frog hits you but does no damage.
You hit the adder.
The adder is almost dead.
You feel sick. You block the giant frog's attack. The adder barely misses you.
You block the giant frog's attack. The adder bites you but does no damage.
You hit the adder.
You kill the adder!
The giant frog hits you.
* * * LOW HITPOINT WARNING * * *
The giant frog hits you.
* * * LOW HITPOINT WARNING * * *
* * * LOW HITPOINT WARNING * * *
You feel sick. The giant frog hits you.
You die...

.)# #. #.. #..
#..######..#
#...#......#
##..........#
#............
#............
#....@F#
#......#####
#...#...##.###
#######....<.#
######.##
##.### ##..##
##..## ###..#


You could see a giant frog.

Vanquished Creatures
  2 adders
  2 worms
  A giant gecko (D:2)
  2 bats (D:1)
  2 giant cockroaches
  A hobgoblin (D:2)
  3 giant newts
  5 goblins (D:1)
  3 kobolds (D:1)
  4 rats
25 creatures vanquished.

Vanquished Creatures (others)
  An ogre (D:4)
  2 adders (D:4)
  A ball python (D:4)
  A quokka (D:4)
  A giant newt (D:4)
6 creatures vanquished.

Grand Total: 31 creatures vanquished

Notes
Turn   | Place    | Note
--------------------------------------------------------------
     0 | D:1      | Lisek the Hill Orc Fighter began the quest for the Orb.
     0 | D:1      | Reached XP level 1. HP: 19/19 MP: 1/1
   208 | D:1      | Reached XP level 2. HP: 27/27 MP: 2/2
   241 | D:1      | Reached skill level 4 in Fighting
   355 | D:2      | Found a white marble altar of Elyvilon.
   355 | D:2      | Found a sacrificial altar of Ru.
   803 | D:3      | Reached XP level 3. HP: 22/33 MP: 3/3
   976 | D:4      | Killed an ogre
  1206 | D:4      | Noticed a giant frog
  1222 | D:4      | Slain by a giant frog

Action                   || total
-------------------------++-------
Melee: Flail             ||   104
  Eat: Pizza             ||     1
